 Dungeon Crawl Stone Soup version 0.17.0-24-gcfadda4 (webtiles) character file.

81 vatarom the Changer (level 4, 0/35 HPs)
             Began as a Draconian Transmuter on Nov 17, 2015.
             Succumbed to poison (a potion of poison)
             ... on level 3 of the Dungeon.
             The game lasted 00:07:00 (1858 turns).

vatarom the Changer (Draconian Transmuter)          Turns: 1858, Time: 00:07:00

Health: 0/35       AC:  5    Str: 13    XL:     4   Next: 19%
Magic:  2/7        EV: 12    Int: 14    God:
Gold:   103        SH:  0    Dex: 11    Spells: 2 memorised, 3 levels left

rFire  . . .     SeeInvis .       - Unarmed
rCold  . . .     Clarity  .     (armour unavailable)
rNeg   . . .     SustAt   .     (no shield)
rPois  .         Gourm    .     (helmet restricted)
rElec  .         Spirit   .     (no cloak)
rCorr  .         Warding  .     (no gloves)
rMut   .         Stasis   .     (no boots)
MR     .....                    (no amulet)
Stlth  +.........               (no ring)
                                (no ring)

@: lethally poisoned (0 -> -13), very slightly contaminated, not resistant to
hostile enchantments, very unstealthy
A: unfitting armour, cold-blooded, AC +5
a: no special abilities


You were on level 3 of the Dungeon.
You were hungry.

You visited 1 branch of the dungeon, and saw 4 of its levels.

You collected 103 gold pieces.

Inventory:

Hand Weapons
 e - a +0 blowgun
Missiles
 a - 12 arrows
 d - 6 javelins (quivered)
 h - 14 poisoned needles
Books
 b - a book of Changes

   Spells                             Type                      Level
   a - Beastly Appendage              Transmutation                1
   b - Sticks to Snakes               Transmutation                2
   c - Spider Form                    Transmutation/Poison         3
   d - Ice Form                       Ice/Transmutation            4
   e - Blade Hands                    Transmutation                5
Comestibles
 c - 2 bread rations
 f - 2 fruits
 g - a meat ration


   Skills:
 - Level 1.1 Fighting
 + Level 3.0 Dodging
 - Level 3.0 Unarmed Combat
 - Level 2.0 Spellcasting
 + Level 3.5 Transmutations


You had 3 spell levels left.
You knew the following spells:

 Your Spells              Type           Power        Failure   Level  Hunger
a - Beastly Appendage     Trmt           ##....       6%          1    ##.....
b - Spider Form           Trmt/Pois      #.........   38%         3    ####...


Dungeon Overview and Level Annotations

Branches:
Dungeon (4/15)
 Temple: D:4-7

Altars:
Qazlal

Annotations:
D:3 MTVSty1e's ghost, amateur DrTm
D:4 Pikel


Innate Abilities, Weirdness & Mutations

Your plain brown scales are hard (AC +5).
Your body does not fit into most forms of armour.
You are cold-blooded and may be slowed by cold attacks.


Message History

5 gnolls, 4 orcs, a slave and Pikel come into view.
You feel sick.
The slave shouts!
The orc priest shouts!
The orc shouts!
The gnoll shouts!
You hear a shout! x4
The gnoll shouts! x2
Found a stone staircase leading down.
There is a stone staircase leading up here.
There is a lethal amount of poison in your body!
You feel sick.
The gnoll shaman calls upon its god to speed up something.
The slave hits you!
* * * LOW HITPOINT WARNING * * *
You climb upwards.
Level annotation: MTVSty1e's ghost, amateur DrTm
* * * LOW HITPOINT WARNING * * *
You feel sick. MTVSty1e's ghost closely misses you.
MTVSty1e's ghost misses you.
There is a stone staircase leading down here.
Your transformation has ended.
You die...

...# ...# ##.. #.# ...##
...##.# ....# ...#.#
....# ..#.# ....# ...#
....## ######..####
.....# ...........#
.....# ......W@...#
.....# ......p>...#
###..# #.#.###.####
###..# #.#. #.# #
..<..#####.#.# #.######.#
###........#.###........#
# #.######.#.##.......#.#
#.# #.#.##.........# #.#
#.#.##............


You could see a slave and MTVSty1e's ghost.

Vanquished Creatures
  2 adders
  An ooze (D:1)
  3 worms
  An orc (D:3)
  A ball python (D:1)
  2 bats (D:2)
  4 giant cockroaches
  9 goblins
  9 hobgoblins
  3 giant geckos
  A giant newt (D:1)
  8 kobolds
  A quokka (D:3)
  3 rats (D:2)
48 creatures vanquished.

Notes
Turn   | Place    | Note
--------------------------------------------------------------
     0 | D:1      | vatarom the Draconian Transmuter began the quest for the Orb.
     0 | D:1      | Reached XP level 1. HP: 16/16 MP: 3/3
   310 | D:1      | Reached XP level 2. HP: 14/23 MP: 3/5
   709 | D:2      | Reached XP level 3. HP: 28/28 MP: 6/6
   714 | D:2      | Learned a level 3 spell: Spider Form
  1128 | D:2      | Found a stormy altar of Qazlal.
  1388 | D:3      | Reached XP level 4. HP: 2/35 MP: 1/7
  1824 | D:3      | Noticed MTVSty1e's ghost (amateur DrTm)
  1855 | D:4      | Noticed Pikel
  1855 | D:4      | Noticed a slave
  1857 | D:4      | Noticed a slave
  1857 | D:3      | HP: 1/35 [poison (a potion of poison)]
  1858 | D:3      | Succumbed to poison (a potion of poison)

Action                   |  1- 3 |  4- 6 || total
-------------------------+-------+-------++-------
Melee: Unarmed           |   142 |    29 ||   171
 Cast: Beastly Appendage |    11 |     2 ||    13
       Spider Form       |     3 |     1 ||     4
  Use: Scroll            |     4 |       ||     4
       Potion            |     3 |     3 ||     6
 Stab: Sleeping          |     1 |       ||     1
  Eat: Bread ration      |     1 |       ||     1
